[Event "*** Titled Tuesday Blitz"]
[Site "Chess.com"]
[Date "2019.09.03"]
[Round "1"]
[White "vova-79"]
[Black "12teen"]
[Result "0-1"]
[WhiteElo "2402"]
[BlackElo "2772"]
[TimeControl "180+2"]
[EndTime "15:01:29 PDT"]
[Termination "12teen won by resignation"]

1. d4 b5 2. Bf4 Bb7 3. e3 e6 4. Nf3 a6 5. c3 Nf6 6. a4 b4 7. Bd3 d5 8. Nbd2 Nbd7 9. O-O c5 10. e4 dxe4 0-1

[Event "*** Titled Tuesday Blitz"]
[Site "Chess.com"]
[Date "2019.09.03"]
[Round "1"]
[White "hansen"]
[Black "michaelk123"]
[Result "1-0"]
[WhiteElo "2870"]
[BlackElo "2438"]
[TimeControl "180+2"]
[EndTime "15:02:22 PDT"]
[Termination "hansen won by resignation"]

1. e4 c6 2. d4 d5 3. e5 Bf5 4. Nf3 e6 5. Be2 Ne7 6. Nbd2 h6 7. Nb3 Nd7 8. O-O Bg6 9. Bd2 Nf5 10. Rc1 Be7 11.
Na5 Qb6 12. Nb3 O-O 13. Ba5 1-0

[Event "*** Titled Tuesday Blitz"]
[Site "Chess.com"]
[Date "2019.09.03"]
[Round "1"]
[White "area_5"]
[Black "almaguerjm"]
[Result "1-0"]
[WhiteElo "2706"]
[BlackElo "2353"]
[TimeControl "180+2"]
[EndTime "15:02:58 PDT"]
[Termination "area_5 won by checkmate"]

1. e4 c5 2. Nf3 Nc6 3. Nc3 e6 4. d4 d5 5. exd5 exd5 6. Bb5 c4 7. O-O Be7 8. Ne5 Bd7 9. Bxc6 bxc6 10. Qh5 g6 11. Qf3 Nf6 12. Bh6 Rb8 13. Rfe1 Rg8 14. Bg5 Ne4 15. Qxf7# 1-0

[Event "*** Titled Tuesday Blitz"]
[Site "Chess.com"]
[Date "2019.09.03"]
[Round "1"]
[White "gemarin"]
[Black "bugsbunny444"]
[Result "0-1"]
[WhiteElo "2080"]
[BlackElo "2552"]
[TimeControl "180+2"]
[EndTime "15:03:08 PDT"]
[Termination "bugsbunny444 won by resignation"]

1. d4 e6 2. c4 b6 3. Nf3 Bb7 4. a3 f5 5. Nc3 Nf6 6. g3 Ne4 7. Qc2 Be7 8. Bg2 Nxc3 9. Qxc3 Bf6 10.
O-O O-O 11. Rd1 Be4 12. Ne5 Bxg2 13. Kxg2 d6 14. Nf3 c5 15. Qc2 Nc6 16. d5 exd5 17.
cxd5 Nd4 18. Ne1 Nxc2 19. Nxc2 Qe7 0-1

[Event "*** Titled Tuesday Blitz"]
[Site "Chess.com"]
[Date "2019.09.03"]
[Round "1"]
[White "Blackmind96"]
[Black "TreabharMakernes"]
[Result "1-0"]
[WhiteElo "2712"]
[BlackElo "2359"]
[TimeControl "180+2"]
[EndTime "15:03:16 PDT"]
[Termination "Blackmind96 won by resignation"]

1. d4 Nf6 2. c4 e6 3. Nc3 Bb4 4. e3 O-O 5. Ne2 d5 6. a3 Be7 7. cxd5 exd5 8. Nf4 c6 9. Bd3 Bd6 10. O-O Re8 11. f3 Bxf4 12. exf4 Nbd7 13. f5 h6 14. Kh1 c5 15. Bc2 cxd4 16. Qxd4 Qb6 17. Qh4 d4 18. Ne4 Qb5 19. Nxf6+ Nxf6 20. Bxh6 Bxf5 21. Qg5 g6 22.
Qxf6 1-0

[Event "*** Titled Tuesday Blitz"]
[Site "Chess.com"]
[Date "2019.09.03"]
[Round "1"]
[White "chessking2151"]
[Black "FranciscodelaF"]
[Result "1-0"]
[WhiteElo "2627"]
[BlackElo "2264"]
[TimeControl "180+2"]
[EndTime "15:03:36 PDT"]
[Termination "chessking2151 won by resignation"]

1. e4 e6 2. d4 d5 3. Nc3 Nf6 4. e5 Nfd7 5. f4 c5 6. Nf3 Nc6 7. Ne2 cxd4 8. Nexd4 Bc5 9. c3 a6 10. Be3 O-O 11. Bd3 Nxd4 12. cxd4 Bb4+ 13. Kf2 f6 14.
h4 f5 15. g4 Nb6 16. gxf5 exf5 17. Rc1 Bd7 18. Qb3 a5 19. a3 Ba4 20. Qa2 Be7 21.
h5 h6 22. Qb1 Qd7 23. Rcg1 Nc4 24. Rg6 Nxe3 25. Kxe3 Bb3 26. Rhg1 Kh8 27. Rxg7 Rg8 28. Rh7+ Kxh7 29. Bxf5+ Kh8 30. Bxd7 1-0

[Event "*** Titled Tuesday Blitz"]
[Site "Chess.com"]
[Date "2019.09.03"]
[Round "1"]
[White "INLOVEWITHF"]
[Black "iLuusions"]
[Result "0-1"]
[WhiteElo "2263"]
[BlackElo "2627"]
[TimeControl "180+2"]
[EndTime "15:03:41 PDT"]
[Termination "iLuusions won by resignation"]

1. e4 c5 2. Nf3 e6 3. d4 cxd4 4. Nxd4 a6 5. c4 Nf6 6. Nc3 Bb4 7. Qd3 Qc7 8. Nc2 Bxc3+ 9. Qxc3 d6 10. Bd3 e5 11. Bg5 Be6 12. Ne3 Nbd7 13. Rc1 Rc8 14. O-O O-O 15. f4 exf4 16. Rxf4 Qc5 17. Rxf6 Nxf6 18.
h4 h6 19. Bf4 Nh5 20. b4 Qa7 21. Rf1 0-1

[Event "*** Titled Tuesday Blitz"]
[Site "Chess.com"]
[Date "2019.09.03"]
[Round "1"]
[White "MattyDPerrine"]
[Black "GMJimKnopf"]
[Result "0-1"]
[WhiteElo "2384"]
[BlackElo "2736"]
[TimeControl "180+2"]
[EndTime "15:04:07 PDT"]
[Termination "GMJimKnopf won by resignation"]

1. Nf3 g6 2. g3 Bg7 3. d4 c5 4. Bg2 cxd4 5. Nxd4 Nf6 6. c4 O-O 7. O-O Nc6 8. Nc3 a6 9. Nxc6 bxc6 10. e4 Qc7 11. c5 Rb8 12. Bf4 e5 13. Bc1 Rd8 14. Qc2 a5 15. h3 h6 16. Rd1 Ba6 17. b3 Rb4 18. a3 Rbb8 19. Be3 Bf8 20. Rab1 d6 21.
cxd6 Rxd6 22. Rxd6 Qxd6 23. Na4 Bd3 0-1

[Event "*** Titled Tuesday Blitz"]
[Site "Chess.com"]
[Date "2019.09.03"]
[Round "1"]
[White "Iyael"]
[Black "Kildepiotr"]
[Result "1-0"]
[WhiteElo "2044"]
[BlackElo "2485"]
[TimeControl "180+2"]
[EndTime "15:04:09 PDT"]
[Termination "Iyael won by resignation"]

1. e4 g6 2. d4 Bg7 3. Bc4 c6 4. Nc3 b5 5. Bd3 Bxd4 6. Nge2 Bg7 7. O-O d6 8. f4 b4 9. Na4 Nf6 10. Rb1 O-O 11. b3 Ba6 12. f5 Bxd3 13. Qxd3 Nbd7 14. Bf4 Nh5 15. Bg5 Ne5 16. Qe3 Nf6 17. Nb2 a5 18. Nd3 Nfd7 19. h4 h5 20. fxg6 fxg6 21. Nef4 Qb6 22. Qxb6 Nxb6 23. Bxe7 Nxd3 24. cxd3 Rf7 25. Bxd6 Bd4+ 26. Kh1 Rd8 27. e5 Kh7 28. Ne6 Rxf1+ 29. Rxf1 Rxd6 30. exd6 Be5 31. Rf7+ Kg8 32. d7 1-0

[Event "*** Titled Tuesday Blitz"]
[Site "Chess.com"]
[Date "2019.09.03"]
[Round "1"]
[White "DoHoChess"]
[Black "Komissarov_alex"]
[Result "1-0"]
[WhiteElo "2554"]
[BlackElo "2107"]
[TimeControl "180+2"]
[EndTime "15:04:22 PDT"]
[Termination "DoHoChess won by resignation"]

1. Nf3 Nf6 2. c4 e6 3. Nc3 d5 4. d4 Bb4 5. Bg5 h6 6. Bxf6 Qxf6 7. Qa4+ Nc6 8. e3 Bd7 9. Qc2 O-O 10. Be2 dxc4 11.
O-O e5 12. Nd5 Qd6 13. Nxb4 Nxb4 14. Qxc4 exd4 15. Nxd4 c5 16. Rfd1 Qb6 17. Nb3 Ba4 18.
Bf3 Nxa2 19. Qxa4 Nb4 20. Rd7 Nc2 21. Rc1 1-0

[Event "*** Titled Tuesday Blitz"]
[Site "Chess.com"]
[Date "2019.09.03"]
[Round "1"]
[White "VladDobrov"]
[Black "vlad_Sid"]
[Result "1-0"]
[WhiteElo "2878"]
[BlackElo "2459"]
[TimeControl "180+2"]
[EndTime "15:04:35 PDT"]
[Termination "VladDobrov won by resignation"]

1. d4 Nf6 2. c4 c5 3. d5 b5 4. Qc2 e6 5. e4 exd5 6. exd5 bxc4 7. Bxc4 Bd6 8. Nf3 O-O 9. O-O Ba6 10. Na3 Bxc4 11.
Nxc4 Qc7 12. Bg5 Nxd5 13. Qd3 Nc6 14. Qxd5 Bf4 15. Qxc5 Bxg5 16. Qxg5 Rab8 17. Rac1 a6 18. Rfd1 Rb5 19. Qg3 Qa7 20. b3 Re8 21. Nd6 1-0

[Event "*** Titled Tuesday Blitz"]
[Site "Chess.com"]
[Date "2019.09.03"]
[Round "1"]
[White "Genghis_K"]
[Black "Semajkcalbk"]
[Result "1-0"]
[WhiteElo "2861"]
[BlackElo "2437"]
[TimeControl "180+2"]
[EndTime "15:04:36 PDT"]
[Termination "Genghis_K won by resignation"]

1. d4 d5 2. c4 c6 3. cxd5 cxd5 4.
Bg5 h6 5. Bh4 Nc6 6. Nc3 g5 7.
Bg3 Bg7 8. e3 Nf6 9. Bd3 e6 10. h4 Nd7 11. Nb5 Qa5+ 12. Kf1 1-0

[Event "*** Titled Tuesday Blitz"]
[Site "Chess.com"]
[Date "2019.09.03"]
[Round "1"]
[White "Caisachess"]
[Black "Malev212"]
[Result "0-1"]
[WhiteElo "2270"]
[BlackElo "2633"]
[TimeControl "180+2"]
[EndTime "15:04:38 PDT"]
[Termination "Malev212 won by resignation"]

1. e4 c5 2. c3 Nf6 3. e5 Nd5 4. d4 cxd4 5. Nf3 d6 6. cxd4 Nc6 7. Bc4 e6 8. O-O Be7 9. a3 O-O 10. Qe2 Bd7 11. Bd2 Qb6 12. Bxd5 exd5 13. Nc3 Nxd4 14. Nxd4 Qxd4 15. exd6 Bxd6 16. h3 Rfe8 17. Be3 Qe5 0-1

[Event "*** Titled Tuesday Blitz"]
[Site "Chess.com"]
[Date "2019.09.03"]
[Round "1"]
[White "ElGasanov"]
[Black "NemtsevIgor"]
[Result "1-0"]
[WhiteElo "2698"]
[BlackElo "2332"]
[TimeControl "180+2"]
[EndTime "15:04:41 PDT"]
[Termination "ElGasanov won by resignation"]

1. Nf3 c6 2. d3 d6 3. e4 Nd7 4. g3 h6 5. Bg2 g5 6. c4 Bg7 7.
Nc3 Nf8 8. Be3 Ng6 9. h4 gxh4 10. Nxh4 Nxh4 11. Rxh4 Nf6 12. Qd2 h5 13. O-O-O Ng4 14.
d4 Nxe3 15. Qxe3 Bg4 16. Rd2 Qb6 17. Kc2 e5 18. c5 exd4 19. Qg5 Qxc5 20. Qxg7 dxc3 21.
Qxh8+ Ke7 22. Qxc3 Qb5 23. Bf3 Be6 24. Rxh5 Qa4+ 25. Kc1 Qxa2 26. Ra5 1-0

[Event "*** Titled Tuesday Blitz"]
[Site "Chess.com"]
[Date "2019.09.03"]
[Round "1"]
[White "nocnypako"]
[Black "Bishops83"]
[Result "1-0"]
[WhiteElo "2591"]
[BlackElo "2207"]
[TimeControl "180+2"]
[EndTime "15:04:49 PDT"]
[Termination "nocnypako won by resignation"]

1. d4 d5 2. Nf3 Nf6 3. c3 e6 4. Bg5 Be7 5. e3 O-O 6. Bd3 b6 7. O-O Bb7 8. Nbd2 Nbd7 9. Qe2 Ne4 10. Bf4 Bd6 11. Rfd1 Re8 12. Rac1 Qf6 13. Bxd6 cxd6 14. Ba6 Bxa6 15. Qxa6 Nxd2 16. Rxd2 Rec8 17. h3 Qe7 18. a4 Nb8 19. Qxc8+ 1-0

[Event "*** Titled Tuesday Blitz"]
[Site "Chess.com"]
[Date "2019.09.03"]
[Round "1"]
[White "Fighterman91"]
[Black "Kanthecarowin"]
[Result "1-0"]
[WhiteElo "2733"]
[BlackElo "2369"]
[TimeControl "180+2"]
[EndTime "15:05:05 PDT"]
[Termination "Fighterman91 won by resignation"]

1. e4 c6 2. d4 d5 3. e5 Bf5 4.
Nf3 e6 5. Be2 Nd7 6. O-O Ne7 7.
c3 Bg6 8. Nbd2 a6 9. b4 Nf5 10. Nb3 Be7 11. g4 Nh4 12. Nxh4 Bxh4 13. f4 Be4 14.
Nd2 f5 15. exf6 Nxf6 16. g5 Nd7 17. Nxe4 dxe4 18. Qc2 Qe7 19. Qxe4 O-O-O 20. Bg4 h6 21. Qxe6 Qxe6 22. Bxe6 hxg5 23. fxg5 Rhf8 24. Bd2 Rde8 25.
Rxf8 Rxf8 26. Rf1 Rxf1+ 27. Kxf1 Kc7 28. Kg2 Nf8 29. Bf4+ Kd8 30. Bf5 Be1 31. g6 Bxc3 32.
Be5 Ke7 33. Bxg7 Ne6 34. Bxe6 Kxe6 35. d5+ 1-0

[Event "*** Titled Tuesday Blitz"]
[Site "Chess.com"]
[Date "2019.09.03"]
[Round "1"]
[White "Mostii"]
[Black "promen1999"]
[Result "0-1"]
[WhiteElo "2373"]
[BlackElo "2734"]
[TimeControl "180+2"]
[EndTime "15:05:06 PDT"]
[Termination "promen1999 won on time"]

1. d4 Nf6 2. Nf3 e6 3. g3 b5 4. Bg2 Bb7 5. O-O Be7 6. b3 O-O 7. Bb2 c5 8. dxc5 Bxc5 9. Nbd2 Be7 10. c4 b4 11. Ne5 Bxg2 12. Kxg2 d6 13. Nd3 a5 14. a4 Nc6 15. e3 d5 16. Rc1 dxc4 17.
Nxc4 Qd5+ 18. Kg1 Rad8 19. Nf4 Qf5 20. Qc2 Ne4 21. f3 Nc5 22. Qxf5 exf5 23. Nxa5 Nxa5 0-1

[Event "*** Titled Tuesday Blitz"]
[Site "Chess.com"]
[Date "2019.09.03"]
[Round "1"]
[White "YQPerez"]
[Black "dawnrule"]
[Result "1-0"]
[WhiteElo "2765"]
[BlackElo "2400"]
[TimeControl "180+2"]
[EndTime "15:05:09 PDT"]
[Termination "YQPerez won by resignation"]

1. e4 c5 2. Nc3 Nc6 3. Bb5 d6 4.
Nf3 Bd7 5. d4 cxd4 6. Nxd4 Nf6 7. O-O g6 8. Bxc6 bxc6 9. Re1 Bg7 10. Bg5 O-O 11. Qd2 c5 12. Nf3 Bc6 13. Bh6 Qc7 14. Nd5 Bxd5 15. exd5 Bxh6 16. Qxh6 Nxd5 17. Ng5 Nf6 18. Re3 Rfb8 19. Rh3 e6 20. Nxh7 Nxh7 21. Qxh7+ Kf8 22. Rf3 Rd8 23. Qxg6 1-0

[Event "*** Titled Tuesday Blitz"]
[Site "Chess.com"]
[Date "2019.09.03"]
[Round "1"]
[White "RU_B9"]
[Black "Benjoneliere44"]
[Result "0-1"]
[WhiteElo "1710"]
[BlackElo "2515"]
[TimeControl "180+2"]
[EndTime "15:05:12 PDT"]
[Termination "Benjoneliere44 won by resignation"]

1. c4 Nf6 2. Nf3 g6 3. Nc3 Bg7 4. e4 d6 5. d4 O-O 6. Be2 e5 7.
O-O Nc6 8. d5 Ne7 9. Ne1 Nd7 10.
Be3 f5 11. f3 f4 12. Bf2 g5 13. Rc1 Rf6 14. c5 a6 15. c6 bxc6 16. dxc6 Nf8 17. Nd5 Nxd5 18. Bc4 Kh8 19. Bxd5 Rh6 20. Nd3 Qe8 21.
Rc3 Qh5 22. h4 gxh4 23. Rb3 Qg5 24. Kh1 h3 25. g4 fxg3 0-1

[Event "*** Titled Tuesday Blitz"]
[Site "Chess.com"]
[Date "2019.09.03"]
[Round "1"]
[White "gena217"]
[Black "NicoChasin"]
[Result "1/2-1/2"]
[WhiteElo "2905"]
[BlackElo "2492"]
[TimeControl "180+2"]
[EndTime "15:05:21 PDT"]
[Termination "Game drawn by repetition"]

1. e4 c5 2. Nf3 e6 3. d4 cxd4 4. Nxd4 Nc6 5. Nb5 d6 6. c4 a6 7. N5c3 Nf6 8. Be2 Be7 9. O-O O-O 10. Be3 b6 11. Na3 Bb7 12. Qb3 Nd7 13. Rad1 Qc7 14. Rd2 Nc5 15. Qc2 Nb4 16. Qb1 Bf6 17. f3 Nc6 18.
Nc2 Bxc3 19. bxc3 Na5 20. Qb4 Nc6 21. Qb2 Ne5 22. Rb1 Na4 23. Qb4 b5 24. Na3 Rfd8 25. Rc2 Nc6 26. Qb3 Na5 27. Qb4 Nc6 28. Qb3 Na5 29. Qb4 Nc6 1/2-1/2

[Event "*** Titled Tuesday Blitz"]
[Site "Chess.com"]
[Date "2019.09.03"]
[Round "1"]
[White "STARMATEcc"]
[Black "newauto"]
[Result "1-0"]
[WhiteElo "2522"]
[BlackElo "1926"]
[TimeControl "180+2"]
[EndTime "15:05:29 PDT"]
[Termination "STARMATEcc won by resignation"]

1. e4 c6 2. d4 d5 3. exd5 cxd5 4. c4 Nc6 5. Nc3 Nf6 6. Bg5 e6 7. Nf3 Be7 8. c5 O-O 9. Bb5 Bd7 10. O-O a6 11.
Bxc6 Bxc6 12. b4 Nd7 13. Bf4 Bf6 14. a4 Nb8 15. b5 Be8 16. Qb3 a5 17. Rac1 Nd7 18.
c6 bxc6 19. bxc6 Qb6 20. Nb5 Nb8 21. c7 Nc6 22. Bd6 Bd7 23. Bxf8 Kxf8 24. Qe3 h6 25. Rc2 Ke7 26. Rfc1 Bc8 27. Rxc6 1-0

[Event "*** Titled Tuesday Blitz"]
[Site "Chess.com"]
[Date "2019.09.03"]
[Round "1"]
[White "mitrabhaa"]
[Black "bluejay1897"]
[Result "1-0"]
[WhiteElo "2648"]
[BlackElo "2299"]
[TimeControl "180+2"]
[EndTime "15:05:37 PDT"]
[Termination "mitrabhaa won by resignation"]

1. Nf3 Nf6 2. d4 e6 3. Bf4 b6 4. e3 Bb7 5. Nbd2 c5 6. Nc4 cxd4 7. Nxd4 d5 8. Ne5 Be7 9. Bb5+ Nfd7 10. Nxe6 fxe6 11.
Qh5+ g6 12. Nxg6 hxg6 13. Qxh8+ Kf7 14. Qh7+ Kf6 15. g4 e5 16. g5+ Ke6 17. Qxg6+ Bf6 18. gxf6 exf4 19. f7+ Nf6 20. exf4 Kd6 21. O-O-O Nc6 22.
Rhe1 Kc5 23. Bxc6 Bxc6 24. Re6 1-0

[Event "*** Titled Tuesday Blitz"]
[Site "Chess.com"]
[Date "2019.09.03"]
[Round "1"]
[White "johnathan113"]
[Black "jmduque"]
[Result "1-0"]
[WhiteElo "2763"]
[BlackElo "2391"]
[TimeControl "180+2"]
[EndTime "15:05:48 PDT"]
[Termination "johnathan113 won by resignation"]

1. e4 e5 2. Nf3 Nc6 3. d4 exd4 4.
Nxd4 g6 5. Nxc6 dxc6 6. Qxd8+ Kxd8 7. Bc4 Be6 8. Bxe6 fxe6 9. Nc3 Bg7 10. Bg5+ Ke8 11. O-O-O Bxc3 12. bxc3 e5 13. Rd3 h6 14.
Bh4 Rh7 15. Rhd1 g5 16. Bg3 Re7 17. Rf3 Re6 18. Rf5 Nf6 19. Rxe5 Kf7 20. f3 Rd6 21. Rxd6 cxd6 22. Rf5 Rd8 23. e5 dxe5 24. Bxe5 Rd5 25. Rxf6+ Ke7 26. Rxh6 Rxe5 27. Rh7+ Kd6 28. Rxb7 Re2 29.
Rxa7 Rxg2 30. Rg7 Kc5 31. h4 Kc4 32. Rxg5 Rh2 33. Kb2 Rxh4 1-0

[Event "*** Titled Tuesday Blitz"]
[Site "Chess.com"]
[Date "2019.09.03"]
[Round "1"]
[White "Korchmar_Vasiliy"]
[Black "MalyDominator"]
[Result "1-0"]
[WhiteElo "2702"]
[BlackElo "2336"]
[TimeControl "180+2"]
[EndTime "15:05:57 PDT"]
[Termination "Korchmar_Vasiliy won by resignation"]

1. d4 Nf6 2. c4 g6 3. Nc3 Bg7 4. e4 d6 5. Be2 O-O 6. Bg5 c5 7. d5 h6 8. Be3 e6 9. h3 exd5 10. exd5 Nbd7 11. Nf3 Re8 12. O-O a6 13. Bf4 Nf8 14.
Qd2 Kh7 15. Bd3 Nh5 16. Bh2 Rb8 17. Rfe1 Rxe1+ 18. Rxe1 Nd7 19. Bxd6 Ra8 20. Be7 Qa5 21. d6 b6 22. Be4 Rb8 23. Bd5 Kg8 24. Qd3 Nf4 25.
Qe3 Nxd5 26. Nxd5 b5 27. cxb5 axb5 28. Qf4 Qxa2 29. Nf6+ Nxf6 30. Bxf6 Be6 31. d7 Bxd7 32. Qxb8+ 1-0

[Event "*** Titled Tuesday Blitz"]
[Site "Chess.com"]
[Date "2019.09.03"]
[Round "1"]
[White "2165149677570"]
[Black "kleinebeer98"]
[Result "0-1"]
[WhiteElo "2304"]
[BlackElo "2667"]
[TimeControl "180+2"]
[EndTime "15:05:58 PDT"]
[Termination "kleinebeer98 won by resignation"]

1. e4 e5 2. Nf3 Nc6 3. Bb5 f5 4. d3 fxe4 5. dxe4 Nf6 6. O-O d6 7. Re1 Be7 8. Nc3 O-O 9. a4 Kh8 10.
Bc4 Bg4 11. h3 Bh5 12. Be2 Qe8 13. Ng5 Bxe2 14. Nxe2 Nd8 15. Ng3 h6 16. Nf3 Ne6 17. Nf5 Rd8 18. c4 Rd7 19. N3h4 Bd8 20. Qf3 Kh7 21.
Qg3 g5 22. Nf3 Nxe4 23. Rxe4 Rxf5 24. Qg4 Qg6 25. h4 h5 26. Qg3 g4 27. Nh2 Rdf7 28.
Be3 R5f6 0-1

[Event "*** Titled Tuesday Blitz"]
[Site "Chess.com"]
[Date "2019.09.03"]
[Round "1"]
[White "GCamachoMartinez"]
[Black "jcibarra"]
[Result "0-1"]
[WhiteElo "2414"]
[BlackElo "2807"]
[TimeControl "180+2"]
[EndTime "15:06:04 PDT"]
[Termination "jcibarra won by checkmate"]

1. d4 Nf6 2. c4 d6 3. Nc3 e5 4.
dxe5 dxe5 5. Qxd8+ Kxd8 6. Bg5 Be6 7. Nf3 Nd7 8. O-O-O Kc8 9. Nd5 c6 10. Nxf6 gxf6 11.
Be3 Bxc4 12. b3 Be6 13. Nd2 Kc7 14. g3 a5 15. a4 Ba3+ 16. Kc2 Bf5+ 17. Kc3 Nc5 18.
Bg2 Rad8 19. Nc4 Bb4+ 20. Kb2 b6 21. f4 Be6 22. fxe5 Nxa4+ 23. Kc2 Bf5+ 24. Kc1 Nc5 25. Kb2 Be6 26. exf6 Bxc4 27. bxc4 Rhe8 28. Bf4+ Kb7 29. Rxd8 Rxd8 30. Kc2 Ne6 31. Be5 Rd2+ 32. Kb3 Nc5# 0-1

[Event "*** Titled Tuesday Blitz"]
[Site "Chess.com"]
[Date "2019.09.03"]
[Round "1"]
[White "patrisiii123"]
[Black "Alexander_Donchenko"]
[Result "0-1"]
[WhiteElo "2312"]
[BlackElo "2673"]
[TimeControl "180+2"]
[EndTime "15:06:04 PDT"]
[Termination "Alexander_Donchenko won by resignation"]

1. e4 g6 2. d4 Bg7 3. Nc3 d6 4. f4 Nf6 5. Nf3 c5 6. dxc5 Qa5 7. cxd6 Nxe4 8. dxe7 Bxc3+ 9. bxc3 Qxc3+ 10. Bd2 Nxd2 11. Nxd2 Nc6 12. Bb5 Bg4 13. Bxc6+ bxc6 14. Qxg4 Qxa1+ 15. Kf2 Qxh1 16. Qe2 Qa1 17. Qe4 Qc3 18. Nc4 Qf6 19. g3 Rc8 20. Nd6+ Qxd6 21. Qe6 Qd4+ 0-1

[Event "*** Titled Tuesday Blitz"]
[Site "Chess.com"]
[Date "2019.09.03"]
[Round "1"]
[White "Walter_White_Poland"]
[Black "temus_galaktionov"]
[Result "1-0"]
[WhiteElo "2309"]
[BlackElo "2620"]
[TimeControl "180+2"]
[EndTime "15:06:06 PDT"]
[Termination "Walter_White_Poland won by resignation"]

1. Nf3 c6 2. Nc3 g6 3. h3 Bg7 4.
d4 d6 5. e4 Nd7 6. Be3 e5 7.
a4 Ngf6 8. dxe5 dxe5 9. Qd6 Qe7 10. Qxe7+ Kxe7 11. O-O-O h5 12. Bc4 Bh6 13. Bxh6 Rxh6 14.
Ng5 Nb6 15. Bxf7 Bd7 16. a5 Nc8 17. Bb3 Nd6 18. Rxd6 Kxd6 19. Nf7+ Ke7 20. Nxh6 Be6 21. Bxe6 Kxe6 22. g4 Rh8 23. g5 Nd7 24. Rf1 Rf8 25. f4 exf4 26. Ne2 Ke5 27. Ng1 Nc5 28. b4 Nxe4 29.
Nf3+ Kd6 30. Rd1+ Kc7 31. Re1 Nc3 32. Re7+ Kc8 33. Nf7 Na2+ 34. Kb2 Nxb4 35. Nd6+ Kd8 36. Rxb7 Na6 37. Ne5 1-0

[Event "*** Titled Tuesday Blitz"]
[Site "Chess.com"]
[Date "2019.09.03"]
[Round "1"]
[White "ulises2013"]
[Black "albano87"]
[Result "0-1"]
[WhiteElo "2508"]
[BlackElo "2039"]
[TimeControl "180+2"]
[EndTime "15:06:06 PDT"]
[Termination "albano87 won by resignation"]

1. d4 Nf6 2. c4 e6 3. Nf3 b6 4. g3 Bb7 5. Bg2 Be7 6. O-O O-O 7.
b3 d5 8. cxd5 Nxd5 9. Bb2 Nd7 10. Nbd2 c5 11. Nc4 cxd4 12. Nxd4 Nc5 13. Qd2 Rc8 14. Rac1 Nf6 15. Bf3 Bxf3 16. exf3 Qc7 17. Nb5 Qb8 18. Be5 Qa8 19. Qe2 Rfd8 20. Ncd6 Rc6 21.
Rfd1 a6 22. Nd4 Rcxd6 23. Bxd6 Rxd6 24. b4 Ncd7 25. a3 h6 26. Kg2 Nd5 27. Nf5 exf5 28.
Rxd5 Rxd5 29. Qxe7 Nf6 30. Rc7 Qe8 31. Qxe8+ Nxe8 32.
Rc8 Kf8 33. f4 Rd3 34. Rc6 Rxa3 35. Rxb6 g6 36. h4 h5 37. Kg1 Nc7 38. Kg2 Nd5 39. Rb8+ Kg7 40. b5 Rb3 41. Rd8 Rxb5 42. Ra8 a5 43.
Rb8 Rxb8 0-1

[Event "*** Titled Tuesday Blitz"]
[Site "Chess.com"]
[Date "2019.09.03"]
[Round "1"]
[White "ALEXJR20"]
[Black "vinniethepooh"]
[Result "0-1"]
[WhiteElo "2209"]
[BlackElo "2594"]
[TimeControl "180+2"]
[EndTime "15:06:07 PDT"]
[Termination "vinniethepooh won by resignation"]

1. c4 Nf6 2. Nc3 e5 3. e3 Nc6 4. Nf3 Bb4 5. Nd5 e4 6. Nxb4 Nxb4 7. Nd4 O-O 8. d3 Nxd3+ 9. Bxd3 exd3 10. Qxd3 d5 11.
O-O Bg4 12. f3 Bh5 13. cxd5 Qxd5 14. e4 Qd7 15. Qc4 Rfe8 16. Bf4 c6 17. Rad1 Rad8 18.
Qb3 Nxe4 19. Nc2 Qxd1 0-1

[Event "*** Titled Tuesday Blitz"]
[Site "Chess.com"]
[Date "2019.09.03"]
[Round "1"]
[White "TheFireChess"]
[Black "Hikaru"]
[Result "0-1"]
[WhiteElo "2514"]
[BlackElo "3246"]
[TimeControl "180+2"]
[EndTime "15:06:11 PDT"]
[Termination "Hikaru won by resignation"]

1. e4 c6 2. Nc3 d5 3. d3 Nf6 4.
e5 Nfd7 5. f4 e6 6. Nf3 c5 7. g3 Nc6 8. Bg2 a6 9. O-O Be7 10. g4 h5 11. g5 g6 12. Ne2 d4 13.
c4 dxc3 14. bxc3 b5 15. Be3 Nb6 16. Nfd4 cxd4 17. Bxc6+ Bd7 18. Bxd7+ Qxd7 19. Bxd4 Nd5 20. c4 Nb4 21. a3 Nc6 22. Be3 Rd8 23. cxb5 axb5 24. d4 O-O 25. Qb3 Na5 26. Qd3 Nc4 27. Bf2 Rc8 28. Rfc1 Rfd8 29. Ng3 Nxa3 30. Rxc8 Qxc8 31.
Ne4 b4 32. Be3 Qb7 33. Nf6+ Bxf6 34. gxf6 Rc8 35. Bd2 Nc4 36. Rb1 Nxd2 37. Qxd2 b3 38.
Rb2 Qf3 39. h4 Qg3+ 40. Kf1 Rc3 41. Ke2 Qf3+ 42. Ke1 Re3+ 0-1

[Event "*** Titled Tuesday Blitz"]
[Site "Chess.com"]
[Date "2019.09.03"]
[Round "1"]
[White "GianmarcoVaR"]
[Black "babero_gordo"]
[Result "1-0"]
[WhiteElo "2582"]
[BlackElo "2190"]
[TimeControl "180+2"]
[EndTime "15:06:13 PDT"]
[Termination "GianmarcoVaR won by resignation"]

1. d4 Nf6 2. Nf3 e6 3. e3 d5 4. Bd3 Be7 5. O-O O-O 6. b3 b6 7. Bb2 Bb7 8. Nbd2 Nbd7 9. Ne5 a6 10. f4 c5 11. Qf3 Qc7 12. Qg3 h6 13. Rae1 b5 14.
Nxd7 Qxd7 15. dxc5 Qc6 16. b4 a5 17. a3 axb4 18.
axb4 Ra2 19. Bd4 Rfa8 20. Nb3 Qc7 21. Be5 Qd8 22. Nd4 R8a6 23. Bxb5 Ra8 24. c6 Ba6 25. Bxa6 R8xa6 26. b5 Ra8 27. c7 Qc8 28. b6 Rb2 29. Rb1 Raa2 30. Rxb2 Rxb2 31. Nc6 Kf8 32. Bxb2 1-0

[Event "*** Titled Tuesday Blitz"]
[Site "Chess.com"]
[Date "2019.09.03"]
[Round "1"]
[White "tteshan"]
[Black "Vuks91"]
[Result "0-1"]
[WhiteElo "2186"]
[BlackElo "2574"]
[TimeControl "180+2"]
[EndTime "15:06:13 PDT"]
[Termination "Vuks91 won by resignation"]

1. d4 Nf6 2. c4 g6 3. Nc3 Bg7 4. e4 O-O 5. f4 d6 6. Nf3 Na6 7. Bd3 e5 8. fxe5 dxe5 9. d5 Ne8 10. O-O c5 11. dxc6 bxc6 12. Be3 Nec7 13. Bc2 Qe7 14. a3 Ne6 15. Qe1 Nd4 16. Ba4 Nc5 17. Bd1 Ba6 18. Nd2 Nd3 19. Qg3 Nxb2 20. Ba4 Nxc4 21. Nxc4 Bxc4 22. Rf2 Rab8 23. h4 Bb3 24. h5 Bxa4 25.
Nxa4 Rb3 26. Raf1 Qxa3 27. hxg6 hxg6 28. Qh4 Rxe3 0-1

[Event "*** Titled Tuesday Blitz"]
[Site "Chess.com"]
[Date "2019.09.03"]
[Round "1"]
[White "cherryandmint"]
[Black "Jahonas"]
[Result "1-0"]
[WhiteElo "2804"]
[BlackElo "2410"]
[TimeControl "180+2"]
[EndTime "15:06:17 PDT"]
[Termination "cherryandmint won by resignation"]

1. e4 c6 2. d4 d5 3. e5 Bf5 4. Nf3 e6 5. Be2 Ne7 6. O-O h6 7. Nbd2 Nd7 8. Nb3 Bh7 9. a4 Nf5 10. a5 Be7 11. c4 dxc4 12. Bxc4 O-O 13. Bd3 b6 14. Qc2 g6 15. Qxc6 Rc8 16. Qa4 bxa5 17. Qxa5 Nb6 18. Bxf5 gxf5 19. Bxh6 Re8 20. Qd2 Nc4 21.
Qf4 Kh8 22. Bg5 Rg8 23. h4 Rb8 24. Rxa7 Bxg5 25. Nxg5 Rxg5 26. hxg5 Rxb3 27. Rfa1 Bg6 28. d5 Qxd5 29. Qh4+ 1-0